 Dungeon Crawl Stone Soup version 0.26.1-2-gb8aa6d0cf2 (webtiles) character file.

Game seed: 7871166902182224889

5759 DearestLeader the Spear-Bearer (level 10, -11/76 HPs)
             Began as a Merfolk Ice Elementalist on Mar 22, 2021.
             Was a Follower of Vehumet.
             Mangled by a skeletal warrior
             ... wielding a +2 vorpal halberd
              (15 damage)
             ... on level 7 of the Dungeon on Mar 23, 2021.
             The game lasted 00:25:53 (12929 turns).

DearestLeader the Spear-Bearer (MfIE)              Turns: 12929, Time: 00:25:54

Health: -11/76     AC:  9    Str: 11    XL:     10   Next: 78%
Magic:  3/13       EV: 14    Int: 13    God:    Vehumet [*.....]
Gold:   217        SH:  0    Dex: 13    Spells: 2/13 levels left

rFire    . . .     SeeInvis +   y - +0 halberd
rCold    + . .     Faith    .   (shield currently unavailable)
rNeg     + . .     Spirit   .   Q - +1 robe "Awoidgh" {rElec rPois Int-4 Slay+2}
rPois    +         Reflect  .   G - +2 hat
rElec    +         Harm     .   o - +0 cloak
rCorr    .         Rampage  .   J - +1 pair of gloves "Voniutet" {rC+ rN+ Str+3 Dex-3 Stlth+}
Will     +....                  c - +0 pair of boots
Stlth    +++.......             (no amulet)
HPRegen  0.22/turn              m - ring of willpower
MPRegen  0.13/turn              x - ring of see invisible

@: very slightly contaminated
A: change form in water, swift swim, stealthy swim
a: Renounce Religion


You were on level 7 of the Dungeon.
You worshipped Vehumet.
Vehumet was aware of your devotion.
You visited 2 branches of the dungeon, and saw 11 of its levels.

You collected 821 gold pieces.
You spent 604 gold pieces at shops.

Inventory:

Hand Weapons
 j - a +0 hunting sling
 y - a +0 halberd (weapon)
 H - a +3 hand axe of venom
 N - a +0 trident
Missiles
 k - 420 stones
 s - 75 poisoned darts
 K - 6 silver javelins (quivered)
Armour
 a - a +0 robe
 c - a +0 pair of boots (worn)
 o - a +0 cloak (worn)
 G - a +2 hat (worn)
 J - the +1 pair of gloves "Voniutet" (worn) {rC+ rN+ Str+3 Dex-3 Stlth+}
   (You bought it in a shop on level 7 of the Dungeon)

   It affects your strength (+3).
   It affects your dexterity (-3).
   It protects you from cold.
   It protects you from negative energy.
   It makes you more stealthy.
 Q - the +1 robe "Awoidgh" (worn) {rElec rPois Int-4 Slay+2}
   (You bought it in a shop on level 7 of the Dungeon)

   It affects your intelligence (-4).
   It affects your accuracy and damage with ranged weapons and melee attacks
   (+2).
   It insulates you from electricity.
   It protects you from poison.
Magical Staves
 r - an uncursed staff of fire
Jewellery
 m - a ring of willpower (left hand)
 x - a ring of see invisible (right hand)
Wands
 l - a wand of paralysis (9)
 I - a wand of iceblast (8)
 P - a wand of acid (12)
Scrolls
 d - 4 scrolls of remove curse
 f - 2 scrolls of amnesia
 h - a scroll of teleportation
 p - 2 scrolls of enchant armour
 v - a scroll of fear
 w - a scroll of identify
 B - 5 scrolls of enchant weapon
 D - a scroll of fog {unknown}
 M - a scroll of vulnerability {unknown}
 O - 2 scrolls of immolation {unknown}
Potions
 b - a potion of mutation
 e - a potion of berserk rage {unknown}
 g - 5 potions of heal wounds
 i - 2 potions of flight {unknown}
 n - 3 potions of ambrosia
 q - 2 potions of degeneration {unknown}
 t - a potion of cancellation {unknown}
 u - 4 potions of curing
 z - a potion of lignification
 A - 2 potions of brilliance {unknown}
 C - a potion of resistance {unknown}
 E - 2 potions of haste {unknown}
 F - 3 potions of might {unknown}
 L - 2 potions of attraction {unknown}


   Skills:
 + Level 6.0 Fighting
 * Level 14.0 Polearms
 - Level 4.0 Dodging
 - Level 2.1 Stealth
 - Level 2.0 Spellcasting
 + Level 11.8 Ice Magic


You had 2 spell levels left.
You knew the following spells:

 Your Spells              Type           Power        Failure   Level
a - Freeze                Ice            100%         1%          1
b - Frozen Ramparts       Ice            64%          1%          3
c - Ozocubu's Armour      Ice            32%          1%          3
d - Summon Ice Beast      Ice/Summ       16%          22%         4

Your spell library contained the following spells:

 Spells                   Type           Power        Failure   Level
 Shock                    Conj/Air       4%           26%         1
 Hailstorm                Conj/Ice       16%          22%         4


Dungeon Overview and Level Annotations

Branches:
Dungeon (10/15)            Temple (1/1) D:4            Lair (0/6) D:10
    Orc (0/2) D:9

Altars:
Ashenzari
Cheibriados
Dithmenos
Elyvilon
Fedhas
Gozag
Hepliaklqana
Kikubaaqudgha
Makhleb
Nemelex Xobeh
Okawaru
Qazlal
Ru
Sif Muna
Trog
Uskayaw
Vehumet
Wu Jian
Xom
Yredelemnul
Zin
The Shining One

Shops:
D:7 [(**!

Portals:
Trove: D:10 (give 4 scrolls of fear)


Message History

The skeletal warrior resists.
The wall freezes the skeletal warrior.
The skeletal warrior barely misses you.
Reach: y) +0 halberd
Press: ? - help, Dir - move target, f/p - skeletal warrior
Aim: a skeletal warrior, wielding a +2 vorpal halberd and wearing a +0 ring mail (lightly damaged)
You could not reach far enough!
The skeletal warrior resists.
The wall freezes the skeletal warrior.
Your ice beast hits the skeletal warrior but does no damage.
Reach: y) +0 halberd
Press: ? - help, Dir - move target, f/p - skeletal warrior
Aim: a skeletal warrior, wielding a +2 vorpal halberd and wearing a +0 ring mail (lightly damaged)
You reach to attack!
You hit the skeletal warrior but do no damage.
The skeletal warrior is lightly damaged.
The frozen ramparts melt away.
The skeletal warrior hits you from afar with a +2 vorpal halberd!!
* * * LOW HITPOINT WARNING * * *
x2 Your ice beast barely misses the skeletal warrior.
The skeletal warrior hits you from afar with a +2 vorpal halberd!
You die...

.....z.z..#
#.....#....#
...#..#...#
#.....####.#
#...z.....#
#..........# #.......#
####.#######
#....########.....#####
##'#....>..z.z.X.......
#.#####.....zz...z.X..
#.zzY.####.###########
#############@# #.#####
#.............####.....
#.#######.#..........#
#.....# #.#..........#
#####.# #.#.###......#
#.# #.....# #.#.#
#......# #.#
#.#######..<# #......#
#.# #.##.....####
#.#.######.# #....###.#
#.#.....##.#


You could see 2 skeletal warriors and a friendly ice beast (summoned).

Vanquished Creatures
  8 yaks (D:10)
  5 wyverns
  3 water moccasins (D:10)
  A black bear (D:9)
  3 orc warriors
  A sky beast (D:6)
  A necrophage (D:9)
  3 centaurs
  5 ogres
  2 phantoms
  7 bullfrogs
  A gnoll sergeant (D:9)
  3 scorpions
  8 killer bees
  A nameless horror (D:7)
  2 jellies (D:8)
  A bullfrog zombie (D:6)
  A quasit (D:8)
  3 orc priests
  9 orc wizards
  2 iguanas
  Natasha (thrice) (D:2)
  6 worker ants
  10 adders
  7 gnolls
  A white imp (D:5)
  An adder zombie (D:5)
  An adder skeleton (D:4)
  3 worms
  4 dart slugs
  4 leopard geckos
  40 orcs
  2 bats (D:1)
  6 giant cockroaches
  6 goblins
  5 hobgoblins
  9 jackals
  5 kobolds
  7 quokkas
  6 frilled lizards
  6 rats
202 creatures vanquished.

Vanquished Creatures (collateral kills)
  A yak (D:10)
1 creature vanquished.

Vanquished Creatures (others)
  2 fungi (D:10)
  20 plants
22 creatures vanquished.

Grand Total: 225 creatures vanquished

Notes
Turn   | Place    | Note
-------+----------+-------------------------------------------
     0 | D:1      | DearestLeader the Merfolk Ice Elementalist began the quest
                  | for the Orb.
     0 | D:1      | Reached XP level 1. HP: 13/13 MP: 3/3
   326 | D:1      | Reached XP level 2. HP: 19/19 MP: 1/5
   418 | D:1      | Reached skill level 5 in Ice Magic
   901 | D:1      | Reached XP level 3. HP: 24/24 MP: 4/6
   905 | D:1      | Learned a level 3 spell: Frozen Ramparts
  1288 | D:2      | Found a blossoming altar of Fedhas.
  1518 | D:2      | Reached XP level 4. HP: 30/30 MP: 3/7
  1645 | D:2      | Noticed Natasha
  1652 | D:2      | Killed Natasha
  1844 | D:2      | Noticed Natasha
  1852 | D:2      | Killed Natasha
  1853 | D:2      | Reached XP level 5. HP: 26/35 MP: 4/8
  2110 | D:2      | Noticed Natasha
  2118 | D:2      | Killed Natasha
  2178 | D:2      | Learned a level 3 spell: Ozocubu's Armour
  2489 | D:3      | Found a bloodstained altar of Trog.
  3199 | D:4      | Reached XP level 6. HP: 30/41 MP: 5/9
  3550 | D:4      | Found a staircase to the Ecumenical Temple.
  3560 | Temple   | Entered the Ecumenical Temple
  3774 | D:4      | Reached XP level 7. HP: 46/46 MP: 5/10
  4389 | D:4      | Reached skill level 10 in Ice Magic
  4623 | D:5      | Entered Level 5 of the Dungeon
  4719 | D:5      | Reached skill level 1 in Fighting
  4719 | D:5      | Reached XP level 8. HP: 54/54 MP: 7/11
  5295 | D:5      | Found a snail-covered altar of Cheibriados.
  5295 | D:5      | Found a glowing golden altar of the Shining One.
  6279 | D:6      | Reached skill level 1 in Polearms
  6325 | D:6      | Found a basalt altar of Yredelemnul.
  6343 | D:6      | Reached skill level 2 in Polearms
  6392 | D:6      | Reached skill level 4 in Polearms
  6872 | D:6      | Found a sacrificial altar of Ru.
  6933 | D:6      | Reached skill level 5 in Polearms
  7174 | D:6      | Reached skill level 6 in Polearms
  7238 | D:6      | Found an ornate altar of the Wu Jian Council.
  7437 | D:6      | Found a radiant altar of Vehumet.
  7445 | D:6      | Became a worshipper of Vehumet
  7474 | D:6      | Learned a level 4 spell: Summon Ice Beast
  7837 | D:7      | Reached skill level 7 in Polearms
  7926 | D:7      | Found Ceahox's Distillery.
  7934 | D:7      | Bought a potion of heal wounds for 75 gold pieces
  7934 | D:7      | Bought a potion of heal wounds for 75 gold pieces
  7934 | D:7      | Bought a potion of heal wounds for 75 gold pieces
  7938 | D:7      | Found a sacrificial altar of Ru.
  8251 | D:7      | Reached skill level 8 in Polearms
  8251 | D:7      | Reached XP level 9. HP: 45/61 MP: 12/12
  8256 | D:7      | Noticed a skeletal warrior
  8648 | D:8      | Reached skill level 9 in Polearms
  9025 | D:8      | Reached skill level 10 in Polearms
 10043 | D:9      | Found a staircase to the Orcish Mines.
 10076 | D:9      | Reached skill level 11 in Polearms
 10594 | D:9      | Reached * piety under Vehumet
 10594 | D:9      | Offered knowledge of Shock by Vehumet.
 10890 | D:9      | Reached skill level 12 in Polearms
 10890 | D:9      | Reached XP level 10. HP: 62/71 MP: 13/13
 11130 | D:10     | Entered Level 10 of the Dungeon
 11467 | D:10     | Reached skill level 5 in Fighting
 11468 | D:10     | Reached skill level 13 in Polearms
 11578 | D:10     | Found a staircase to the Lair.
 11929 | D:10     | Found a portal to a secret trove of treasure.
 12499 | D:7      | Found Zavee's Assorted Antiques.
 12519 | D:7      | Noticed a skeletal warrior
 12519 | D:7      | Noticed a skeletal warrior
 12520 | D:7      | Noticed a skeletal warrior
 12759 | D:7      | Reached skill level 14 in Polearms
 12796 | D:7      | Found Uwniu's Antique Armour Shoppe.
 12811 | D:7      | Bought a pair of ancient gloves for 237 gold pieces
 12811 | D:7      | Bought a heavy robe for 142 gold pieces
 12816 | D:7      | Identified the +1 pair of gloves "Voniutet" {rC+ rN+ Str+3
                  | Dex-3 Stlth+} (You bought it in a shop on level 7 of the
                  | Dungeon)
 12826 | D:7      | Identified the +1 robe "Awoidgh" {rElec rPois Int-4 Slay+2}
                  | (You bought it in a shop on level 7 of the Dungeon)
 12831 | D:7      | Found Yskuwn's Weapon Boutique.
 12840 | D:7      | Found Qengunurch's Assorted Antiques.
 12929 | D:7      | Mangled by a skeletal warrior

Illustrated notes

Levels and vault maps discovered:
D:1:      lightli_arrival_flooded_house, layout_loops_corners, st_stairs_14
D:2:      layout_rooms, lemuel_doored_altar, uniq_natasha
D:3:      layout_basic, nicolae_overflow_crystal_walls, chequers_big_river
D:4:      layout_loops_ring, minmay_temple_entry_junction_2, minmay_between
D:5:      layout_gridville, gammafunk_temple_overflow_wave
D:6:      layout_loops_ring, kennysheep_mini_moat, lemuel_round_altar,
          basic_altar, nicolae_ru_awakened_eye
D:7:      layout_basic, kennysheep_mini, serial_rivers,
          chequers_serial_rivers_room_a, chequers_serial_rivers_small_a,
          chequers_serial_rivers_room_a, chequers_serial_rivers_micro_c,
          chequers_serial_rivers_micro_e, serial_shops, shop, shop,
          nicolae_shop_overgrown_old_shop, shop_statue, nicolae_shop_stone,
          minmay_misc_feat_cross, minmay_misc_feat_plants, st_stairs_14
D:8:      layout_cave_pods
D:9:      layout_rooms, orc_david_3
D:10:     layout_irregular_city, minmay_lair_entry_grove,
          nicolae_trove_entry_diagonal
Temple:   nicolae_temple_no_exploring_needed

Skill      XL: |  1  2  3  4  5  6  7  8  9 10 |
---------------+-------------------------------+-----
Ice Magic      | 5 6 7 8 10 11 | 11.8
Dodging        | 3 4 |  4.0
Fighting       | 1 2 4 6 |  6.0
Polearms       | 8 12 14 | 14.0
Stealth        | |  2.1
Spellcasting   | |  2.0

Action                   |  1- 3 |  4- 6 |  7- 9 | 10-12 || total
-------------------------+-------+-------+-------+-------++-------
Melee: Short sword       |    30 |       |       |       ||    30
       Spear             |       |       |    85 |       ||    85
       Hand axe          |       |       |   103 |       ||   103
       Trident           |       |       |    13 |       ||    13
       Halberd           |       |       |     9 |    76 ||    85
 Fire: Hunting sling     |    32 |   100 |   117 |       ||   249
 Cast: Freeze            |    24 |     4 |    21 |     7 ||    56
       Frozen Ramparts   |     3 |    13 |    35 |     8 ||    59
       Ozocubu's Armour  |       |       |     3 |     1 ||     4
       Summon Ice Beast  |       |       |       |     3 ||     3
  Use: Scroll            |       |     2 |     3 |     6 ||    11
       Potion            |       |       |     2 |       ||     2
 Stab: Sleeping          |     3 |       |     2 |     3 ||     8
Armor: Robe              |    10 |     3 |    65 |    14 ||    92
       Skin              |       |       |     2 |       ||     2
Dodge: Dodged            |    52 |    27 |   165 |    50 ||   294
